Map: Abiogenesis LE

Players

Overkill - Winner!

  • Race: Zerg Zerg
  • League: Diamond
  • Spawn Location: 11:00

Killboy

  • Race: Terran Terran
  • League: Master
  • Spawn Location: 5:00

VOD

Have the link to the VOD?

Description

Time

  • Played on: Feb. 18, 2018, 3 p.m.
  • Length: 16:26
Show
View Real Time Build Order
Export as new Build Order

Overkill Zerg - Winner!

Build Orders: Pool First, Swarm Host 

Get SALT Encoding   

  12  0:01  Drone  
  13  0:14  Overlord  
  13  0:22  Drone  
  14  0:32  Drone  
  14  0:33  Drone  
  16  0:36  Drone  
  16  0:42  Extractor  
  16  0:47  Drone  
  17  0:55  Spawning Pool  
  16  0:58  Drone  
  17  1:19  Hatchery  
  17  1:23  Drone  
  17  1:27  Drone  
  18  1:33  Drone  
  19  1:44  Metabolic Boost  
  19  1:51  Queen  
  21  1:55  Zergling x2  
  22  2:02  Overlord  
  22  2:14  Overlord  
  22  2:22  Drone  
  23  2:23  Drone  
  23  2:28  Queen  
  26  2:35  Queen  
  28  2:39  Drone  
  28  2:42  Drone  
  30  2:46  Drone  
  30  2:50  Drone  
  32  2:55  Zergling x2  
  32  2:58  Zergling x2  
  34  3:04  Lair  
  35  3:05  Drone  
  35  3:10  Overlord  
  35  3:15  Overlord  
  35  3:22  Drone x2  
  35  3:23  Drone  
  35  3:26  Drone  
  39  3:27  Extractor  
  39  3:29  Drone  
  39  3:31  Drone  
  40  3:37  Extractor  
  40  3:41  Roach Warren  
  38  3:42  Drone  
  38  3:45  Drone  
  38  3:47  Drone  
  41  3:51  Drone  
  41  3:52  Drone  
  43  3:57  Overlord  
  43  4:02  Drone x2  
  45  4:04  Drone  
  45  4:07  Extractor, Drone  
  46  4:10  Drone  
  47  4:19  Drone x4  
  51  4:25  Glial Reconstitution  
  51  4:26  Drone  
  51  4:27  Drone  
  53  4:33  Drone x2  
  53  4:34  Drone x2  
  57  4:40  Overlord  
  57  4:42  Overlord  
  57  4:49  Evolution Chamber, Overlord  
  56  4:56  Roach x2  
  62  5:00  Roach x2  
  62  5:01  Roach  
  62  5:03  Roach  
  62  5:06  Roach  
  70  5:14  Roach  
  72  5:16  Zerg Missile Weapons Level 1  
  72  5:20  Roach  
  72  5:21  Hydralisk Den  
  73  5:25  Roach  
  73  5:26  Overseer  
  73  5:27  Roach  
  77  5:29  Roach x2  
  77  5:31  Roach  
  77  5:33  Overlord  
  83  5:36  Overlord  
  83  5:40  Overlord  
  83  5:43  Overlord  
  83  5:59  Roach x6  
  95  6:04  Grooved Spines  
  95  6:15  Ravager x7  
  95  6:16  Ravager  
  103  6:19  Overlord x2  
  103  6:22  Roach x2  
  107  6:27  Overlord  
  98  6:41  Roach x2, Hydralisk x3  
  98  6:44  Hydralisk  
  92  6:56  Roach x2  
  87  7:06  Roach x4  
  88  7:08  Overseer  
  88  7:11  Hydralisk x2  
  88  7:15  Muscular Augments  
  84  7:17  Hydralisk  
  86  7:24  Spore Crawler  
  86  7:26  Hydralisk  
  87  7:33  Pneumatized Carapace, Hydralisk  
  89  7:38  Hatchery  
  84  7:51  Drone x4  
  84  7:52  Drone x3  
  84  7:55  Spire, Drone x3  
  93  8:10  Drone x2  
  93  8:11  Drone, Hatchery  
  95  8:20  Drone x2  
  95  8:23  Ravager  
  95  8:24  Ravager x3  
  101  8:27  Drone x2, Spore Crawler  
  101  8:28  Spore Crawler  
  101  8:31  Overseer  
  101  8:32  Drone x2  
  103  8:38  Zerg Missile Weapons Level 2  
  104  8:41  Drone x2  
  99  8:49  Roach x3  
  90  8:57  Roach x2  
  86  9:10  Hydralisk x4  
  85  9:30  Drone  
  85  9:31  Drone x4  
  88  9:32  Drone  
  89  9:41  Queen  
  91  9:50  Spine Crawler  
  90  9:53  Spine Crawler  
  90  9:55  Spine Crawler, Spore Crawler x2  
  90  9:59  Mutalisk x5, Spine Crawler  
  93  10:04  Drone x2  
  93  10:05  Extractor x2, Drone  
  96  10:09  Hydralisk  
  98  10:24  Mutalisk x2  
  98  10:28  Extractor x2, Hydralisk x2  
  101  10:32  Queen  
  106  10:36  Hydralisk x2  
  110  10:44  Hydralisk  
  110  10:49  Roach x3  
  118  10:54  Roach x2  
  122  11:00  Zergling x12  
  128  11:04  Zerg Melee Weapons Level 1  
  128  11:09  Evolution Chamber  
  128  11:10  Drone  
  128  11:22  Hydralisk  
  128  11:34  Overlord x4  
  128  11:43  Infestation Pit  
  127  11:49  Drone, Overlord x2  
  127  11:50  Overlord x4  
  127  11:52  Overlord  
  128  12:04  Hydralisk  
  128  12:05  Hydralisk x2  
  128  12:07  Roach  
  136  12:10  Hydralisk x3  
  136  12:11  Hydralisk x8  
  136  12:12  Nydus Network  
  136  12:13  Zergling x2  
  136  12:14  Zergling x8  
  162  12:20  Zergling x2  
  162  12:21  Zergling x4  
  162  12:22  Zergling x2  
  166  12:25  Zergling x2  
  167  12:31  Hive  
  167  12:32  Zerg Ground Armor Level 1  
  167  12:33  Zergling x2  
  131  13:02  Roach x2  
  131  13:03  Roach x2  
  131  13:04  Roach x2  
  119  13:08  Roach  
  119  13:09  Roach x2  
  119  13:11  Drone x7  
  116  13:13  Drone  
  116  13:16  Drone  
  116  13:18  Drone  
  116  13:19  Drone  
  120  13:37  Swarm Host x4  
  120  13:38  Swarm Host  
  135  13:43  Viper  
  135  13:44  Viper  
  141  13:54  Nydus Canal  
  141  13:56  Overseer  
  141  14:02  Viper x2  
  147  14:12  Viper  
  150  14:22  Nydus Canal, Swarm Host  
  150  14:23  Swarm Host x2  
  159  14:25  Overlord x5  
  159  14:26  Zergling x4  
  159  14:27  Zergling x2  
  159  14:30  Hydralisk  
  164  14:47  Evolution Chamber x2  
  164  14:50  Evolution Chamber  
  161  15:04  Hydralisk x4  
  161  15:05  Hydralisk x5  
  161  15:06  Hydralisk  
  136  15:37  Hydralisk x2  
  136  15:38  Hydralisk x4  
  142  15:43  Swarm Host x5  
  157  15:56  Zergling x10  
  140  15:59  Hydralisk x4  
  140  16:01  Zergling x2  
Show
View Real Time Build Order
Export as new Build Order

Killboy Terran 

Build Orders: Cyclone Opening, Reaper Expand, Mech 

Get SALT Encoding   

  12  0:00  SCV  
  13  0:12  SCV  
  14  0:17  Supply Depot  
  14  0:25  SCV  
  15  0:29  Refinery  
  15  0:38  SCV  
  16  0:44  Barracks  
  16  0:50  SCV  
  17  1:03  SCV  
  18  1:15  SCV  
  19  1:31  Orbital Command  
  19  1:33  Reaper  
  20  1:44  Command Center  
  20  1:55  Factory  
  20  1:59  SCV  
  21  2:10  Refinery  
  21  2:14  Reaper  
  22  2:17  SCV  
  23  2:27  Bunker  
  23  2:29  Supply Depot  
  23  2:50  Cyclone, SCV, Marine  
  28  2:58  Supply Depot  
  28  3:02  SCV, Orbital Command  
  29  3:11  Starport  
  29  3:14  SCV, Marine  
  31  3:24  Cyclone  
  31  3:27  SCV x2  
  36  3:36  Barracks Reactor  
  36  3:38  Barracks Tech Lab  
  36  3:39  SCV x2  
  38  3:51  SCV x2  
  40  3:58  Supply Depot  
  40  4:03  SCV, Cloaking Field  
  40  4:04  Banshee, SCV  
  45  4:12  Hellion  
  45  4:14  Supply Depot  
  45  4:15  SCV  
  48  4:18  SCV  
  49  4:29  Barracks Tech Lab  
  49  4:31  SCV  
  49  4:33  Supply Depot  
  49  4:35  Supply Depot  
  49  4:38  Cyclone  
  52  4:40  SCV  
  52  4:45  SCV  
  54  4:49  Supply Depot  
  54  4:50  Supply Depot  
  54  4:51  Viking  
  56  4:53  SCV  
  57  5:00  SCV  
  57  5:02  Refinery x2  
  57  5:03  Factory  
  57  5:05  SCV, Supply Depot  
  59  5:12  SCV  
  60  5:20  Barracks Reactor  
  60  5:27  Siege Tank  
  63  5:31  SCV  
  64  5:41  Engineering Bay  
  64  5:43  Marine  
  64  5:44  Banshee  
  68  5:50  SCV  
  69  5:59  SCV  
  69  6:03  Command Center  
  70  6:07  SCV  
  71  6:11  SCV  
  72  6:20  Missile Turret  
  72  6:21  Missile Turret  
  72  6:22  Barracks Reactor  
  72  6:23  Siege Tank  
  75  6:25  Missile Turret  
  75  6:29  SCV  
  43  6:50  Banshee, Factory Tech Lab  
  36  7:06  SCV  
  36  7:07  Siege Tank  
  40  7:13  SCV  
  41  7:18  SCV  
  42  7:25  SCV  
  43  7:31  Missile Turret  
  43  7:33  Supply Depot  
  43  7:40  Factory  
  43  7:41  Orbital Command  
  43  7:44  Supply Depot  
  40  7:56  SCV  
  40  7:57  SCV  
  45  7:58  Banshee, Siege Tank x2  
  45  8:02  Armory  
  51  8:08  SCV  
  51  8:09  SCV  
  51  8:12  SCV  
  54  8:20  SCV  
  54  8:25  Armory, Hellion x2  
  59  8:28  SCV x2  
  59  8:29  Supply Depot  
  59  8:32  SCV  
  59  8:33  Siege Tank  
  59  8:34  Siege Tank  
  68  8:40  SCV  
  69  8:48  SCV  
  45  9:09  Thor  
  46  9:10  Hellion x2  
  45  9:18  Thor  
  48  9:31  SCV, Hellion  
  48  9:32  Orbital Command  
  48  9:35  Hellion  
  48  9:37  Terran Vehicle Weapons Level 1  
  48  9:38  Terran Vehicle And Ship Armor Level 1  
  53  9:41  SCV  
  53  9:44  SCV  
  57  9:53  SCV, Hellion x2  
  57  9:56  SCV  
  57  9:58  Supply Depot  
  61  10:01  SCV  
  61  10:02  Missile Turret  
  61  10:05  SCV  
  63  10:07  Medivac  
  63  10:09  SCV, Hellion x3, Siege Tank  
  63  10:10  Hellion  
  63  10:13  SCV  
  74  10:14  Hellion  
  74  10:18  SCV  
  74  10:20  Factory  
  74  10:21  SCV  
  76  10:34  Hellion x2  
  76  10:35  SCV x3  
  83  10:37  Siege Tank  
  86  10:49  SCV x2  
  84  10:57  Missile Turret  
  84  10:59  Siege Tank  
  84  11:00  Hellion x2  
  91  11:07  Thor x2  
  91  11:13  Infernal Pre-Igniter, Hellion, Siege Tank  
  96  11:20  Missile Turret  
  96  11:21  SCV  
  96  11:23  Missile Turret  
  97  11:27  SCV, Refinery  
  97  11:29  Refinery  
  94  11:42  SCV  
  95  11:49  SCV  
  95  11:53  Terran Vehicle And Ship Armor Level 2, Terran Vehicle Weapons Level 2  
  96  11:56  Hellion  
  96  11:57  Hellion  
  96  11:59  SCV, Hellion x7  
  101  12:07  Starport Reactor  
  101  12:09  SCV  
  102  12:24  SCV x2  
  102  12:27  Siege Tank x3  
  102  12:28  SCV  
  114  12:36  SCV  
  115  12:38  SCV  
  96  13:00  Thor x2  
  96  13:01  Siege Tank  
  89  13:10  SCV  
  80  13:15  Viking, Hellion x2  
  80  13:16  Viking  
  88  13:21  Missile Turret, SCV  
  88  13:26  SCV  
  90  13:28  Missile Turret  
  90  13:33  SCV x2  
  92  13:38  SCV  
  93  13:51  SCV  
  93  13:52  Command Center  
  94  13:57  Viking  
  94  14:01  SCV x2  
  98  14:18  Siege Tank  
  98  14:19  Siege Tank x2  
  107  14:30  SCV  
  108  14:35  Hellion x2  
  112  14:44  SCV x3  
  115  14:48  Missile Turret  
  115  14:50  Siege Tank  
  115  14:51  Siege Tank x2, Sensor Tower  
  124  14:56  Factory  
  124  14:58  Starport  
  124  15:05  SCV  
  123  15:22  Siege Tank  
  123  15:23  Siege Tank x2  
  123  15:24  Hellion x2  
  92  15:41  Factory Tech Lab  
  92  15:42  SCV  
  93  15:45  Hellion x2  
  93  15:47  Command Center  
  89  16:13  Command Center  
Tags
 
Add a new tag
Caveats
  • Supply blocks, unpowered buildings, or Contaminate may cause inaccurate times.
  • Supply counts are checked every 10 seconds.